[Event "13th Poti Nana Aleksandria Cup"]
[Site "Poti"]
[Date "2018.07.15"]
[Round "4"]
[White "Harutyunian, Tigran K"]
[Black "Arabidze, Meri"]
[Result "1/2-1/2"]
[ECO "D07"]
[WhiteElo "2500"]
[BlackElo "2397"]
[Annotator "ChessBase"]
[PlyCount "66"]
[EventDate "2018.07.13"]
[EventType "swiss"]
[EventCountry "GEO"]
[SourceTitle "playchess.com"]
[Source "ChessBase"]
[SourceQuality "1"]
[TimeControl "40/5400+30:1800+30"]

1. d4 d5 2. c4 Nc6 3. cxd5 Qxd5 4. e3 e5 5. Nc3 Bb4 6. Bd2 Bxc3 7. bxc3 Nf6 8. Qb3 Qd6 9. Bc1 Be6 10. Ba3 Bxb3 11. Bxd6 cxd6 12. axb3 exd4 13. exd4 Kd7 14. Bd3 Rhe8+ 15. Ne2 a6 16. O-O Kc7 17. Ra3 b5 18. b4 Nd5 19. f3 f5 20. Kf2 g6 21. h4 Kb6 22. h5 Ra7 23. Rh1 Rae7 24. hxg6 hxg6 25. Rha1 Nb8 26. Rh1 Nc6 27. Rha1 Nb8 28. Rh1 Re3 29. Rd1 Nc6 30. Rd2 R8e7 31. Rd1 Re8 32. Rd2 R8e7 33. Rd1 Re8 1/2-1/2

[Event "13th Poti Nana Aleksandria Cup"]
[Site "Poti"]
[Date "2018.07.15"]
[Round "4"]
[White "Tutisani, Noe"]
[Black "Golubov, Saveliy"]
[Result "1/2-1/2"]
[ECO "C50"]
[WhiteElo "2469"]
[BlackElo "2488"]
[Annotator "RC"]
[PlyCount "72"]
[EventDate "2018.07.13"]
[EventType "swiss"]
[EventCountry "GEO"]
[SourceTitle "playchess.com"]
[Source "ChessBase"]
[SourceQuality "1"]
[TimeControl "40/5400+30:1800+30"]

1. e4 e5 2. Nf3 Nc6 3. Bc4 h6 4. O-O Nf6 5. d4 exd4 6. e5 d5 7. Bb5 Ne4 8. Nxd4 Bd7 9. Bxc6 bxc6 10. Nd2 Nxd2 11. Bxd2 c5 12. e6 Bxe6 13. Nxe6 fxe6 14. Qg4 Qf6 15. Rfe1 Kd7 16. Qa4+ c6 17. Qa6 Bd6 18. Bc3 d4 19. Qb7+ Bc7 20. Ba5 Qd8 21. b4 Qb8 22. Qxc7+ Qxc7 23. Bxc7 Kxc7 24. bxc5 Rhe8 25. Re4 Rad8 26. Rd1 e5 27. f4 Rd5 28. Rd2 Rxc5 29. fxe5 Rcxe5 30. Rexd4 R8e7 31. Kf2 a5 32. R4d3 Re4 33. Rf3 Rc4 34. Re3 Rf7+ 35. Ke2 Rcf4 36. Kd1 Rf1+ 1/2-1/2

[Event "13th Poti Nana Aleksandria Cup"]
[Site "Poti"]
[Date "2018.07.15"]
[Round "4"]
[White "Hayrapetyan, Hovik"]
[Black "Gordon, Evgeny"]
[Result "1-0"]
[ECO "D57"]
[WhiteElo "2453"]
[BlackElo "2016"]
[Annotator "ChessBase"]
[PlyCount "41"]
[EventDate "2018.07.13"]
[EventType "swiss"]
[EventCountry "GEO"]
[SourceTitle "playchess.com"]
[Source "ChessBase"]
[SourceQuality "1"]
[TimeControl "40/5400+30:1800+30"]

1. d4 d5 2. c4 e6 3. Nc3 Be7 4. Nf3 Nf6 5. Bg5 O-O 6. e3 h6 7. Bh4 Ne4 8. Bxe7 Qxe7 9. cxd5 Nxc3 10. bxc3 exd5 11. c4 dxc4 12. Bxc4 b6 13. O-O Bb7 14. Rc1 c6 15. Ne5 c5 16. Qg4 Qg5 17. Qxg5 hxg5 18. dxc5 bxc5 19. Rfd1 Kh7 20. Nxf7 Kg6 21. Rd6+ 1-0

[Event "13th Poti Nana Aleksandria Cup"]
[Site "Poti"]
[Date "2018.07.15"]
[Round "4"]
[White "Mgeladze, Tamaz"]
[Black "Der Manuelian, Haik"]
[Result "1-0"]
[ECO "A06"]
[WhiteElo "2374"]
[BlackElo "2242"]
[Annotator "NA"]
[PlyCount "187"]
[EventDate "2018.07.13"]
[EventType "swiss"]
[EventCountry "GEO"]
[SourceTitle "playchess.com"]
[Source "ChessBase"]
[SourceQuality "1"]
[TimeControl "40/5400+30:1800+30"]

1. c4 e6 2. Nf3 d5 3. b3 Nf6 4. Bb2 c5 5. e3 b6 6. g3 Bb7 7. Bg2 Nbd7 8. Nc3 Be7 9. cxd5 exd5 10. O-O O-O 11. d4 Rc8 12. Rc1 Re8 {[%emt 0:15:29] E17: Damenindisch (Hauptfortsetzung)} 13. Qc2 (13. dxc5 bxc5 14. Nh4 Nb6 15. a4 a5 16. Nb5 Ba6 17. Re1 Bf8 18. Qf3 Ne4 19. Red1 Bxb5 20. axb5 a4 21. bxa4 Nxa4 {0-1 (61) Sonis,F (2445)-Brunello,S (2542) Chianciano Terme 2018}) 13... Ne4 14. dxc5 $146 ({Vorgänger:} 14. Rfd1 cxd4 15. Nxd4 Bb4 16. Nde2 Ndf6 17. Qd3 Nxf2 18. Kxf2 {1-0 (33) Lenz,A (2197)-Schneider Zinner,H (2377) Zwettl 2012}) 14... Nxc3 15. Qxc3 Bf6 16. Qd2 bxc5 17. Rfd1 Bxb2 18. Qxb2 Nf6 19. Rc2 Qb6 20. Rdc1 Ba6 21. Bh3 Rc7 22. Rd1 Bc8 23. Bg2 Bf5 24. Rcc1 Be4 25. h3 a5 26. Qd2 Qb4 27. Ne1 Bxg2 28. Nxg2 Qxd2 29. Rxd2 g5 30. Ne1 a4 31. b4 c4 32. a3 Rd7 33. Nf3 h6 34. Rd4 Kf8 35. Kf1 Re6 36. Nd2 Ke7 37. g4 Kd8 38. Ke2 Rc6 39. Nf3 Re6 40. Rdd1 Ne8 41. Nd4 Rb6 42. h4 Nd6 43. hxg5 hxg5 44. Rh1 Nb5 45. Rh8+ Kc7 46. Nxb5+ Rxb5 47. Ra8 Rb7 48. Rxa4 Kb6 49. Rd1 Rbc7 50. Ra5 c3 {[%emt 0:00:16] [#]} 51. Kd3 $18 Rc4 52. Kc2 Rxg4 53. Rdxd5 Rxd5 54. Rxd5 Rg2 55. Kxc3 Rxf2 56. Rxg5 f5 57. Rg6+ Kc7 58. Rf6 Ra2 59. Kb3 Re2 60. Rxf5 Rxe3+ 61. Ka4 Kb6 62. Rf6+ Kb7 63. Rf4 Kb6 64. b5 Re6 65. Kb4 Rh6 66. a4 Rh7 67. a5+ Kb7 68. Rf5 Ka7 69. Re5 Rg7 70. a6 Kb6 71. Re6+ Ka7 72. Ka5 Rg5 73. Re7+ Kb8 74. Rb7+ Ka8 75. Rd7 Kb8 76. Kb6 Rg6+ 77. Kc5 Rg5+ 78. Rd5 Rg1 79. Kc6 Rc1+ 80. Rc5 Rh1 81. b6 Rb1 82. Rc4 Rb2 83. Re4 Rc2+ 84. Kb5 Rb2+ 85. Rb4 Rh2 86. Rg4 Rb2+ 87. Kc5 Rc2+ 88. Kd4 Rd2+ 89. Kc3 Rd8 90. Kc4 Rh8 91. Re4 Rg8 92. Re5 Rh8 93. Kb5 Ka8 94. a7 1-0

[Event "13th Poti Nana Aleksandria Cup"]
[Site "Poti"]
[Date "2018.07.15"]
[Round "4"]
[White "Chkhaidze, Nikoloz"]
[Black "Ghvamberia, Nika"]
[Result "1/2-1/2"]
[ECO "B43"]
[WhiteElo "2337"]
[BlackElo "2236"]
[Annotator "NA"]
[PlyCount "76"]
[EventDate "2018.07.13"]
[EventType "swiss"]
[EventCountry "GEO"]
[SourceTitle "playchess.com"]
[Source "ChessBase"]
[SourceQuality "1"]
[TimeControl "40/5400+30:1800+30"]

1. e4 c5 2. Nf3 e6 3. Nc3 a6 4. d4 cxd4 5. Nxd4 Qc7 6. g4 b5 7. Bg2 Bb7 8. Qe2 Nc6 9. Nxc6 Qxc6 10. a3 Bc5 11. Be3 Ne7 12. O-O-O d6 13. f4 O-O 14. h4 Bxa3 15. Nd5 exd5 16. exd5 Bxb2+ 17. Kxb2 Qc7 18. Kb1 Rfe8 19. Rhe1 Rac8 20. Bc1 Qd7 21. Qd3 Rc5 22. Bb2 Rec8 23. Be4 Kh8 24. h5 h6 25. g5 Nxd5 26. Qd4 f6 27. gxh6 Nc3+ 28. Bxc3 Bxe4 29. hxg7+ Qxg7 30. h6 Bxc2+ 31. Kb2 Qf7 32. Qxf6+ Qxf6 33. Bxf6+ Kh7 34. Re7+ Kxh6 35. Rh1+ Kg6 36. Bd4 Rc4 37. Re6+ Kf5 38. Rxd6 Kxf4 1/2-1/2

[Event "13th Poti Nana Aleksandria Cup"]
[Site "Poti"]
[Date "2018.07.15"]
[Round "4"]
[White "Matsenko, Andrei"]
[Black "Sindarov, Javokhir"]
[Result "0-1"]
[ECO "E91"]
[WhiteElo "2299"]
[BlackElo "2474"]
[Annotator "ChessBase"]
[PlyCount "82"]
[EventDate "2018.07.13"]
[EventType "swiss"]
[EventCountry "GEO"]
[SourceTitle "playchess.com"]
[Source "ChessBase"]
[SourceQuality "1"]
[TimeControl "40/5400+30:1800+30"]

1. Nf3 Nf6 2. c4 g6 3. Nc3 Bg7 4. e4 d6 5. d4 O-O 6. Be2 Bg4 7. Be3 Nfd7 8. d5 Na6 9. Nd4 Bxe2 10. Qxe2 Qc8 11. O-O c5 12. Nf3 Nc7 13. Qd2 Re8 14. Rae1 a6 15. a4 b5 16. axb5 axb5 17. Nxb5 Nxb5 18. cxb5 Rb8 19. b4 cxb4 20. Rc1 Bc3 21. Qe2 Nc5 22. Bd4 Nb3 23. Rc2 Nxd4 24. Nxd4 Qc5 25. Rd1 Rb7 26. Qf3 Bxd4 27. Rxc5 dxc5 28. e5 Rxb5 29. d6 exd6 30. exd6 Rb6 31. d7 Rd8 32. Qd5 b3 33. Rb1 b2 34. h4 Ra6 35. Kh2 Ra1 36. Rxb2 Bxb2 37. Qxc5 Bf6 38. Qd6 Kg7 39. h5 h6 40. hxg6 fxg6 41. f4 Ra7 0-1

[Event "13th Poti Nana Aleksandria Cup"]
[Site "Poti"]
[Date "2018.07.15"]
[Round "4"]
[White "Poormosavi, Seyed Kian"]
[Black "Janiashvili, Mariami"]
[Result "1/2-1/2"]
[ECO "A04"]
[WhiteElo "2221"]
[BlackElo "1988"]
[Annotator "NA"]
[PlyCount "87"]
[EventDate "2018.07.13"]
[EventType "swiss"]
[EventCountry "GEO"]
[SourceTitle "playchess.com"]
[Source "ChessBase"]
[SourceQuality "1"]
[TimeControl "40/5400+30:1800+30"]

1. Nf3 e6 2. g3 d5 3. Bg2 Nf6 4. O-O Bd6 5. d4 O-O 6. c4 c6 7. Nc3 Nbd7 8. Qc2 Re8 9. Bf4 Bxf4 10. gxf4 Nf8 11. c5 Ng4 12. Kh1 Ng6 13. e3 Nh4 14. Rg1 Qf6 15. Ne5 Nxe5 16. fxe5 Qh6 17. f4 f6 18. exf6 Qxf6 19. Bf1 e5 20. dxe5 Qh6 21. Bd3 Rf8 22. Raf1 Bh3 23. Rf2 Rae8 24. Qd2 Kh8 25. Rg5 Rd8 26. Qd1 g6 27. Bf1 Be6 28. Qd2 Rf7 29. Rg1 d4 30. exd4 Rfd7 31. d5 Rxd5 32. Qe1 Rd4 33. Qc1 Qf8 34. Bg2 Nxg2 35. Rgxg2 Qxc5 36. Qe1 Bh3 37. Rg3 Be6 38. h4 Rd3 39. Rfg2 Bd5 40. Nxd5 R3xd5 41. Qc3 Rf8 42. Qxc5 Rxc5 43. h5 Rxf4 44. hxg6 1/2-1/2

[Event "13th Poti Nana Aleksandria Cup"]
[Site "Poti"]
[Date "2018.07.15"]
[Round "4"]
[White "Vakhania, Aleksandra"]
[Black "Samadov, Read"]
[Result "1/2-1/2"]
[ECO "D02"]
[WhiteElo "2182"]
[BlackElo "2037"]
[Annotator "NA"]
[PlyCount "178"]
[EventDate "2018.07.13"]
[EventType "swiss"]
[EventCountry "GEO"]
[SourceTitle "playchess.com"]
[Source "ChessBase"]
[SourceQuality "1"]
[TimeControl "40/5400+30:1800+30"]

1. d4 d5 2. Nf3 Nf6 3. g3 Bf5 4. Bg2 h6 5. c4 c6 6. cxd5 cxd5 7. Nc3 Nc6 8. Qb3 Na5 9. Qa4+ Bd7 10. Qd1 e6 11. O-O Bd6 12. Ne5 O-O 13. Bf4 Qe7 14. e4 dxe4 15. Nxe4 Nxe4 16. Bxe4 Bxe5 17. dxe5 Bc6 18. Bd3 Rfd8 19. Qe2 Rd4 20. Be3 Rd5 21. f4 Rad8 22. Rfd1 Qd7 23. Bc2 Bb5 24. Qe1 Nc6 25. Bb3 Rd3 26. Rxd3 Qxd3 27. Rd1 Qe4 28. Rxd8+ Nxd8 29. Bf2 Qd3 30. Qd1 Nc6 31. Qxd3 Bxd3 32. Bc5 b6 33. Bd6 Nd4 34. Bd1 Be2 35. Bxe2 Nxe2+ 36. Kf2 Nd4 37. g4 h5 38. Ke3 Nc6 39. gxh5 Kh7 40. Ke4 Kh6 41. Bf8 Nb8 42. f5 Nd7 43. fxe6 fxe6 44. Bd6 Kxh5 45. a4 Nc5+ 46. Kd4 Nxa4 47. b3 Nc5 48. Bxc5 bxc5+ 49. Kxc5 Kg4 50. b4 Kf5 51. Kd6 a6 52. Kc6 Kxe5 53. Kb6 Kd4 54. Kxa6 e5 55. b5 e4 56. b6 e3 57. b7 e2 58. b8=Q e1=Q 59. Qa7+ Kd3 60. Qxg7 Qe6+ 61. Kb7 Qe4+ 62. Kb6 Qb4+ 63. Kc6 Qh4 64. Qe5 Qh3 65. Kd6 Qh6+ 66. Kd5 Qh3 67. Qe4+ Kd2 68. Qf4+ Ke2 69. Ke5 Qh8+ 70. Kf5 Qf8+ 71. Kg4 Qg7+ 72. Kh4 Qh7+ 73. Kg3 Qd3+ 74. Kg4 Qg6+ 75. Qg5 Qe4+ 76. Qf4 Qg6+ 77. Kh3 Qd3+ 78. Qg3 Qh7+ 79. Qh4 Qd3+ 80. Qg3 Qh7+ 81. Kg4 Qg6+ 82. Kf4 Qf6+ 83. Ke4 Qe6+ 84. Kd4 Qd7+ 85. Ke4 Qe6+ 86. Qe5 Qg4+ 87. Kd5+ Kf3 88. Qf6+ Qf4 89. Qc3+ Kg4 {[%emt 0:00:16] Ke4} 1/2-1/2

[Event "13th Poti Nana Aleksandria Cup"]
[Site "Poti"]
[Date "2018.07.15"]
[Round "4"]
[White "Matevosyan, Sedrak"]
[Black "Mesropian, Khachatur"]
[Result "1-0"]
[ECO "A16"]
[WhiteElo "2161"]
[BlackElo "2128"]
[Annotator "NA"]
[PlyCount "143"]
[EventDate "2018.07.13"]
[EventType "swiss"]
[EventCountry "GEO"]
[SourceTitle "playchess.com"]
[Source "ChessBase"]
[SourceQuality "1"]
[TimeControl "40/5400+30:1800+30"]

1. c4 Nf6 2. Nc3 d5 3. cxd5 Nxd5 4. g3 g6 5. Bg2 Nxc3 6. bxc3 Bg7 7. Rb1 O-O 8. Rxb7 Bxb7 9. Bxb7 Nd7 10. Bxa8 Qxa8 11. Nf3 Ne5 12. O-O Nxf3+ 13. exf3 Rd8 14. Qe2 e6 15. Qe4 Qd5 16. Qxd5 Rxd5 17. d4 c5 18. dxc5 Rxc5 19. Be3 Rxc3 20. Rb1 Be5 21. f4 Bd6 22. Bxa7 Ra3 23. Bd4 Rxa2 24. Rb6 e5 25. fxe5 Bc7 26. Rc6 Rd2 27. Bc3 Rd7 28. Ra6 Kf8 29. Kg2 Ke8 30. f4 Rd3 31. Bb4 Rb3 32. Bc5 Rc3 33. Bd4 Rd3 34. Bc5 Rc3 35. Ra8+ Kd7 36. Bf2 h5 37. Ra6 Rc6 38. Ra7 Ke6 39. Rb7 Kf5 40. Kf3 f6 41. exf6 Kxf6 42. Bd4+ Ke6 43. Ke4 Rc1 44. Ra7 Re1+ 45. Kf3 Bd6 46. Rg7 Kd5 47. Rxg6 h4 48. Bf2 Rf1 49. Rh6 hxg3 50. hxg3 Bb8 51. Kg2 Rb1 52. Ra6 Rb3 53. Ra4 Bd6 54. Kh3 Rf3 55. Ba7 Rb3 56. Kg4 Bb4 57. Bf2 Rb2 58. Kf5 Bc3 59. Ra3 Kc4 60. Ba7 Rb7 61. Ke4 Re7+ 62. Kf3 Rg7 63. Bb8 Rb7 64. Bd6 Rd7 65. Be5 Bb4 66. Re3 Bd2 67. Re4+ Kd3 68. g4 Ba5 69. g5 Bd8 70. g6 Bb6 71. g7 Rd8 72. f5 1-0

[Event "13th Poti Nana Aleksandria Cup"]
[Site "Poti"]
[Date "2018.07.15"]
[Round "4"]
[White "Kokaia, Guram"]
[Black "Tsotsonava, Elene"]
[Result "1-0"]
[ECO "B31"]
[WhiteElo "2159"]
[BlackElo "1647"]
[Annotator "NA"]
[PlyCount "85"]
[EventDate "2018.07.13"]
[EventType "swiss"]
[EventCountry "GEO"]
[SourceTitle "playchess.com"]
[Source "ChessBase"]
[SourceQuality "1"]
[TimeControl "40/5400+30:1800+30"]

1. e4 c5 2. Nf3 Nc6 3. Bb5 g6 4. Bxc6 bxc6 5. d3 Bg7 6. Nc3 Nf6 7. Be3 d6 8. h3 O-O 9. Qd2 Rb8 10. Rb1 Qa5 11. O-O Rd8 12. Bh6 Qb6 13. Bxg7 Kxg7 14. e5 Nd5 15. exd6 Rxd6 16. Ne4 Rd8 17. Ne5 Bf5 18. Rfe1 f6 19. Ng4 e5 20. Qh6+ Kh8 21. Nexf6 Nxf6 22. Nxf6 Qc7 23. g4 Qg7 24. Qxg7+ Kxg7 25. Ne4 Bxe4 26. Rxe4 Kf6 27. b3 g5 28. Rbe1 Re8 29. Rc4 Rb5 30. a4 Ra5 31. Re3 Kg6 32. Rce4 Kf6 33. Rf3+ Kg6 34. Rf5 c4 35. Rxc4 Re6 36. Rf8 Rd5 37. Rc8 Rdd6 38. Rc5 a6 39. f3 h5 40. Kg2 h4 41. Ra5 Rd5 42. Rxa6 Rc5 43. c4 1-0

[Event "13th Poti Nana Aleksandria Cup"]
[Site "Poti"]
[Date "2018.07.15"]
[Round "4"]
[White "Eynullayev, Altay"]
[Black "Gharagyozyan, Artur"]
[Result "1/2-1/2"]
[ECO "E06"]
[WhiteElo "2134"]
[BlackElo "2302"]
[Annotator "NA"]
[PlyCount "136"]
[EventDate "2018.07.13"]
[EventType "swiss"]
[EventCountry "GEO"]
[SourceTitle "playchess.com"]
[Source "ChessBase"]
[SourceQuality "1"]
[TimeControl "40/5400+30:1800+30"]

1. d4 Nf6 2. c4 e6 3. g3 d5 4. Bg2 Be7 5. Nf3 O-O 6. O-O dxc4 7. Qc2 b6 8. Bg5 Nd5 9. Bxe7 Qxe7 10. Qxc4 Ba6 11. Qc2 Nd7 12. Nc3 Nxc3 13. bxc3 Rac8 14. Rfe1 c5 15. Qa4 Nb8 16. Qa3 Rc7 17. Rac1 Rfc8 18. Ne5 Kf8 19. Qb2 Nd7 20. Nxd7+ Qxd7 21. e4 Qa4 22. d5 Bc4 23. Rc2 Rd8 24. Rd2 Rcd7 25. Red1 Rd6 26. Qb1 g6 27. Bf3 Kg7 28. Qb2 h5 29. Re1 Qe8 30. Qc1 exd5 31. exd5 Qd7 32. Re5 f6 33. Re1 h4 34. Re4 Rxd5 35. Rb2 Bd3 36. Rxh4 g5 37. Bxd5 Qxd5 38. Ra4 Qf3 39. Rd2 a5 40. Qd1 Qc6 41. Rc4 Bf1 42. Kxf1 Qh1+ 43. Ke2 Re8+ 44. Kd3 Qd5+ 45. Kc2 Qxc4 46. Kb2 a4 47. a3 Re7 48. f4 Qb5+ 49. Ka2 Qc4+ 50. Kb2 b5 51. fxg5 fxg5 52. Rd7 Rxd7 53. Qxd7+ Kg6 54. Qc6+ Kh5 55. Qf3+ g4 56. Qf5+ Kh6 57. Qf6+ Kh7 58. Qf5+ Kg7 59. Qg5+ Kf8 60. Qf6+ Ke8 61. Qe5+ Kd7 62. Qg7+ Kd6 63. Qf8+ Kd5 64. Qg8+ Ke5 65. Qg5+ Ke6 66. Qg6+ Kd7 67. Qg7+ Kc8 68. Qf8+ Kd7 1/2-1/2

[Event "13th Poti Nana Aleksandria Cup"]
[Site "Poti"]
[Date "2018.07.15"]
[Round "4"]
[White "Eynullayev, Atilla"]
[Black "Nikulina, Alena"]
[Result "1-0"]
[ECO "A84"]
[WhiteElo "2120"]
[BlackElo "1959"]
[Annotator "NA"]
[PlyCount "85"]
[EventDate "2018.07.13"]
[EventType "swiss"]
[EventCountry "GEO"]
[SourceTitle "playchess.com"]
[Source "ChessBase"]
[SourceQuality "1"]
[TimeControl "40/5400+30:1800+30"]

1. d4 f5 2. c4 Nf6 3. Nf3 g6 4. e3 Bg7 5. b4 a5 6. b5 c6 7. a4 d6 8. Bb2 O-O 9. Bd3 Qe8 10. Nbd2 Nbd7 11. O-O e5 12. dxe5 dxe5 13. c5 e4 14. Bc4+ Kh8 15. Nd4 Nxc5 16. bxc6 bxc6 17. Ba3 Qe5 18. Nxc6 Qd6 19. Nb3 Qxc6 20. Bxc5 Be6 21. Bxf8 Bxf8 22. Bxe6 Qxe6 23. Nd4 Qe5 24. Rb1 Ng4 25. g3 h5 26. Rb5 Qf6 27. Qb3 Ne5 28. Qe6 Nf3+ 29. Kh1 Qg5 30. Nxf3 exf3 31. Qd5 Rd8 32. Qxf3 Bb4 33. h4 Qe7 34. Qf4 Kh7 35. Rc1 Bd6 36. Qf3 Bb4 37. Rb7 Rd7 38. Rxd7 Qxd7 39. Qc6 Qf7 40. Rd1 Kh6 41. Rd7 Qg8 42. e4 f4 43. Qf6 1-0

[Event "13th Poti Nana Aleksandria Cup"]
[Site "Poti"]
[Date "2018.07.15"]
[Round "4"]
[White "Matsenko, Vadim"]
[Black "Yeritsyan, Hayk"]
[Result "1/2-1/2"]
[ECO "B32"]
[WhiteElo "2106"]
[BlackElo "2178"]
[Annotator "NA"]
[PlyCount "90"]
[EventDate "2018.07.13"]
[EventType "swiss"]
[EventCountry "GEO"]
[SourceTitle "playchess.com"]
[Source "ChessBase"]
[SourceQuality "1"]
[TimeControl "40/5400+30:1800+30"]

1. e4 c5 2. Nf3 Nc6 3. d4 cxd4 4. Nxd4 e5 5. Nb5 d6 6. a4 Be6 7. N1c3 a6 8. Na3 Nf6 9. Be3 Ng4 10. Qd2 Nxe3 11. fxe3 Rc8 12. O-O-O Be7 13. Nd5 O-O 14. Kb1 Bg5 15. Be2 Bxd5 16. exd5 Nb8 17. g4 e4 18. Qb4 Qe7 19. Rd4 a5 20. Qb3 Nd7 21. Nc4 Nc5 22. Qb6 Rfd8 23. b3 Qf6 24. Rf1 Qh6 25. Qxa5 Bxe3 26. Nxe3 Qxe3 27. Qd2 Qh3 28. Bb5 Qxg4 29. Qf2 Qh5 30. Be2 Qg6 31. Rg1 Qh6 32. Rg3 Re8 33. Re3 Re5 34. Bb5 f5 35. b4 Na6 36. Bd7 Rf8 37. Be6+ Rxe6 38. dxe6 Qxe6 39. Qd2 Rd8 40. Rg3 Nc7 41. Rxg7+ Kxg7 42. Qg5+ Qg6 43. Qe7+ Kh6 44. Qh4+ Kg7 45. Qe7+ Kh6 1/2-1/2

[Event "13th Poti Nana Aleksandria Cup"]
[Site "Poti"]
[Date "2018.07.15"]
[Round "4"]
[White "Mustafayev, Farid"]
[Black "Nigmatov, Ortik"]
[Result "1/2-1/2"]
[ECO "B22"]
[WhiteElo "2068"]
[BlackElo "2461"]
[Annotator "ChessBase"]
[PlyCount "115"]
[EventDate "2018.07.13"]
[EventType "swiss"]
[EventCountry "GEO"]
[SourceTitle "playchess.com"]
[Source "ChessBase"]
[SourceQuality "1"]
[TimeControl "40/5400+30:1800+30"]

1. e4 c5 2. c3 d5 3. exd5 Qxd5 4. d4 Nf6 5. Nf3 Nc6 6. Be2 e6 7. O-O Be7 8. c4 Qd7 9. dxc5 Bxc5 10. Nc3 h6 11. a3 a5 12. Qc2 O-O 13. b3 e5 14. Rd1 Qf5 15. Bd3 Qh5 16. Ne4 Nxe4 17. Bxe4 Ra6 18. Bb2 Re8 19. Rd5 Bf8 20. Re1 a4 21. Nxe5 axb3 22. Bh7+ Kh8 23. Qb1 Nxe5 24. Rexe5 f5 25. Bxf5 Rxe5 26. Rxe5 Bxf5 27. Rxf5 Qe8 28. Rb5 Bxa3 29. Rxb3 Bxb2 30. Rxb2 Re6 31. Kf1 Qh5 32. Rd2 Re8 33. Kg1 Qc5 34. Qf1 Rc8 35. Rd7 Qxc4 36. Rxb7 Qxf1+ 37. Kxf1 Rc2 38. g3 Kg8 39. Kg2 Ra2 40. g4 Ra1 41. f3 Kh7 42. h4 Kg6 43. Kg3 Ra6 44. h5+ Kf6 45. f4 Ra1 46. Rb6+ Kf7 47. Rb3 Rf1 48. Rf3 Rg1+ 49. Kh4 Rh1+ 50. Rh3 Rg1 51. g5 Ra1 52. Rb3 hxg5+ 53. Kxg5 Ra7 54. f5 Rc7 55. Rb4 Ra7 56. Rb5 Rc7 57. Kf4 Rc1 58. Ke4 1/2-1/2

[Event "13th Poti Nana Aleksandria Cup"]
[Site "Poti"]
[Date "2018.07.15"]
[Round "4"]
[White "Avetisyan, Mariam"]
[Black "Pshmahov, Osman"]
[Result "1/2-1/2"]
[ECO "B03"]
[WhiteElo "2051"]
[BlackElo "2136"]
[Annotator "NA"]
[PlyCount "91"]
[EventDate "2018.07.13"]
[EventType "swiss"]
[EventCountry "GEO"]
[SourceTitle "playchess.com"]
[Source "ChessBase"]
[SourceQuality "1"]
[TimeControl "40/5400+30:1800+30"]

1. e4 Nf6 2. e5 Nd5 3. d4 d6 4. c4 Nb6 5. exd6 exd6 6. Nf3 Be7 7. h3 Bf5 8. Bd3 Qd7 9. O-O O-O 10. Re1 Bf6 11. Qc2 Bxd3 12. Qxd3 Nc6 13. Bg5 Nb4 14. Qc3 Bxg5 15. Qxb4 Be7 16. Nc3 Rfe8 17. Rad1 Bf8 18. b3 c6 19. a4 a5 20. Qa3 Qf5 21. Qc1 d5 22. c5 Nd7 23. Ne2 g6 24. Ng3 Qf6 25. Qd2 Rxe1+ 26. Qxe1 Bg7 27. b4 Nf8 28. bxa5 Qd8 29. Rb1 Qxa5 30. Qe7 Ra7 31. Rb6 Qc3 32. Rxb7 Rxb7 33. Qxb7 Bxd4 34. Nxd4 Qxd4 35. Qxc6 Ne6 36. a5 Nxc5 37. Qe8+ Kg7 38. Qd8 Ne4 39. Nxe4 Qxe4 40. a6 Qe1+ 41. Kh2 Qe5+ 42. g3 Qd4 43. Kg2 Qe4+ 44. Kh2 Qd4 45. Kg2 Qe4+ 46. Kh2 1/2-1/2

[Event "13th Poti Nana Aleksandria Cup"]
[Site "Poti"]
[Date "2018.07.15"]
[Round "4"]
[White "Mnatsakanian, Arsen"]
[Black "Danielyan, Vahe"]
[Result "1-0"]
[ECO "C26"]
[WhiteElo "2047"]
[BlackElo "2317"]
[Annotator "NA"]
[PlyCount "71"]
[EventDate "2018.07.13"]
[EventType "swiss"]
[EventCountry "GEO"]
[SourceTitle "playchess.com"]
[Source "ChessBase"]
[SourceQuality "1"]
[TimeControl "40/5400+30:1800+30"]

1. e4 e5 2. Nc3 Nf6 3. Bc4 Bc5 4. d3 O-O 5. Nf3 d6 6. h3 a6 7. Bg5 h6 8. Bh4 c6 9. Qd2 Nbd7 10. g4 d5 11. exd5 cxd5 12. Bxd5 g5 13. Bxg5 hxg5 14. Qxg5+ Kh8 15. Qh6+ Nh7 16. Be4 f5 17. Bxf5 Ndf6 18. Nh4 Bxf5 19. gxf5 Qb6 20. Ng6+ Kg8 21. Ne7+ Kh8 22. Ng6+ Kg8 23. Nxf8 Bxf8 24. Qg6+ Kh8 25. O-O-O Rc8 26. Ne4 Qc7 27. c3 Ba3 28. Kb1 Nxe4 29. dxe4 Bxb2 30. Rhg1 Bxc3 31. Rc1 Qe7 32. Rxc3 Qb4+ 33. Rb3 Qxe4+ 34. Ka1 Qd4+ 35. Rb2 e4 36. f6 1-0

[Event "13th Poti Nana Aleksandria Cup"]
[Site "Poti"]
[Date "2018.07.15"]
[Round "4"]
[White "Shanya Mishra"]
[Black "Martynyuk, Elizaveta"]
[Result "1/2-1/2"]
[ECO "D12"]
[WhiteElo "1980"]
[BlackElo "2182"]
[Annotator "NA"]
[PlyCount "224"]
[EventDate "2018.07.13"]
[EventType "swiss"]
[EventCountry "GEO"]
[SourceTitle "playchess.com"]
[Source "ChessBase"]
[SourceQuality "1"]
[TimeControl "40/5400+30:1800+30"]

1. d4 d5 2. c4 c6 3. Nf3 Nf6 4. e3 Bf5 5. Nc3 e6 6. Nh4 Be4 7. f3 Bg6 8. g4 Be7 9. Bg2 Ne4 10. Nxg6 Nxc3 11. bxc3 hxg6 12. O-O Nd7 13. cxd5 cxd5 14. h3 Qc7 15. Rb1 Nb6 16. Bd2 Nc4 17. Qe2 b6 18. Be1 Bg5 19. f4 Bh4 20. e4 Bxe1 21. Rbxe1 dxe4 22. Qxe4 O-O 23. Qe2 Rac8 24. f5 gxf5 25. gxf5 exf5 26. Rxf5 Nd6 27. Rf3 Rfe8 28. Qf1 Rxe1 29. Qxe1 Nb5 30. h4 Nxc3 31. Bh3 Qc6 32. Rg3 Rc7 33. Re3 Qf6 34. Re8+ Kh7 35. Re5 g6 36. h5 Nxa2 37. Qg3 Rc3 38. Qg4 Rc1+ 39. Kh2 Qf2+ 40. Bg2 Qg1+ 41. Kh3 Rc3+ 42. Bf3 Qxg4+ 43. Kxg4 Nb4 44. hxg6+ Kxg6 45. Be4+ Kf6 46. Rf5+ Ke7 47. Re5+ Kd6 48. Rf5 Rc4 49. Rxf7 Rxd4 50. Kf5 a5 51. Rb7 Kc5 52. Ke5 Nd3+ 53. Kf5 Kb5 54. Rc7 Nc5 55. Bc6+ Kc4 56. Bg2 Rd6 57. Bf1+ Kd4 58. Rh7 Rd5+ 59. Kg4 a4 60. Rh6 a3 61. Rh3 Ne4 62. Rxa3 Nd2 63. Rd3+ Kc5 64. Rxd5+ Kxd5 65. Ba6 Ke4 66. Kh5 Nb3 67. Kg6 Nc5 68. Bb5 Ke5 69. Kh7 Ne6 70. Kh8 Nd4 71. Ba6 Kd6 72. Bf1 Kc5 73. Bd3 Nc6 74. Bf1 Ne5 75. Ba6 Nc4 76. Kg7 Kb4 77. Bb7 Nd6 78. Ba6 Nb5 79. Bb7 Kc4 80. Bg2 Kc5 81. Bf1 Nd4 82. Kh8 Kd5 83. Bd3 Nb3 84. Bf1 Nd2 85. Ba6 Kc5 86. Kg7 Ne4 87. Kh8 Nd6 88. Kg7 Kb4 89. Kh8 Nb5 90. Bb7 Ka5 91. Bg2 Ka4 92. Bf1 Ka5 93. Kg7 Ka6 94. Kh8 Ka5 95. Kg7 Nc7 96. Kh8 Ne8 97. Be2 Nd6 98. Bf1 Nf7+ 99. Kg7 Ng5 100. Kh8 Nf3 101. Kg7 Ng5 102. Kh8 Nf7+ 103. Kg7 Ne5 104. Kh8 Kb4 105. Ba6 Nc6 106. Kg7 Na7 107. Kh8 Ka4 108. Kg7 Ka5 109. Bf1 Nc6 110. Kh8 Nb8 111. Kg7 Nd7 112. Kh8 Nb8 1/2-1/2

[Event "13th Poti Nana Aleksandria Cup"]
[Site "Poti"]
[Date "2018.07.15"]
[Round "4"]
[White "Tihonov, Gennady"]
[Black "Arakelyan, Nare"]
[Result "0-1"]
[ECO "B51"]
[WhiteElo "1845"]
[BlackElo "1834"]
[Annotator "NA"]
[PlyCount "110"]
[EventDate "2018.07.13"]
[EventType "swiss"]
[EventCountry "GEO"]
[SourceTitle "playchess.com"]
[Source "ChessBase"]
[SourceQuality "1"]
[TimeControl "40/5400+30:1800+30"]

1. e4 c5 2. Nf3 d6 3. Bb5+ Nc6 4. O-O g6 5. c3 Bg7 6. d4 Bd7 7. Be3 cxd4 8. cxd4 Nf6 9. Nc3 O-O 10. h3 a6 11. Bd3 Nb4 12. Bb1 Qa5 13. Qb3 d5 14. e5 Ne4 15. Bxe4 dxe4 16. Ng5 b5 17. Ncxe4 h6 18. Nxf7 Rxf7 19. Bd2 Qb6 20. Qxb4 Bc6 21. Nc5 Qd8 22. Rad1 Qd5 23. f3 a5 24. Qc3 b4 25. Qe3 Qxa2 26. b3 Qc2 27. Ne6 Bd5 28. Nc5 Qf5 29. Ra1 Qc8 30. Rfc1 Qb8 31. Na4 Qb7 32. Nc5 Qb5 33. Ne4 Qb7 34. Rc5 a4 35. Rxa4 Rxa4 36. bxa4 b3 37. Rb5 Qc6 38. Rb8+ Kh7 39. a5 Qc2 40. a6 b2 41. Nc3 e6 42. Kh2 Ra7 43. Rb6 Bc4 44. Rb8 Bxa6 45. Ne4 Bc8 46. Nf6+ Bxf6 47. Qxh6+ Kg8 48. exf6 b1=Q 49. Bb4 Qc7+ 50. f4 Qxb8 51. Qf8+ Kh7 52. Bd6 Qa8 53. f7 Qxg2+ 54. Kxg2 Ra2+ 55. Kg3 Qe1+ 0-1